 Dungeon Crawl Stone Soup version 0.30-a0-373-gd37427bb62 (webtiles) character file.

Game seed: 16341507480020729589

1421 greenreed the Destroyer (level 8, -7/43 HPs)
             Began as a Tengu Conjurer on Nov 24, 2022.
             Was a Follower of Vehumet.
             Mangled by a hornet (17 damage)
             ... on level 5 of the Dungeon.
             The game lasted 00:10:04 (4147 turns).

greenreed the Destroyer (Tengu Conjurer)            Turns: 4147, Time: 00:10:05

Health: -7/43      AC:  2    Str:  7    XL:     8   Next: 72%
Magic:  12/18      EV: 16    Int: 23    God:    Vehumet [*.....]
Gold:   244        SH:  0    Dex: 18    Spells: 13/19 levels left

rFire   . . .      SeeInvis .    g - +8 dagger of the Hairy God {vamp, rN+ Int+3 Dex+4}
rCold   . . .      Faith    .    (no shield)
rNeg    + . .      Spirit   .    a - +0 robe
rPois   .          Reflect  .    (helmet restricted)
rElec   .          Harm     .    (no cloak)
rCorr   .          Rampage  .    (no gloves)
Will    ++...                    (boots unavailable)
Stlth   +++.......               q - amulet of magic regeneration
HPRegen 0.27/turn                i - ring of willpower
MPRegen 0.56/turn                j - ring of willpower

@: lethally poisoned (-7 -> -13), flying quickly and evasively, quick
A: beak, talons 3, nimble flight
a: Renounce Religion


You were on level 5 of the Dungeon.
You worshipped Vehumet.
Vehumet was aware of your devotion.
You visited 2 branches of the dungeon, and saw 6 of its levels.

You collected 244 gold pieces.

Inventory:

Hand Weapons
 g - the +8 dagger of the Hairy God (weapon) {vamp, rN+ Int+3 Dex+4}
   (You found it on level 2 of the Dungeon)

   It occasionally heals its wielder for a portion of the damage dealt when it
   wounds a living foe.
   Int:       It affects your intelligence (+3).
   Dex:       It affects your dexterity (+4).
   rN:        It protects you from negative energy.
 p - a +1 short sword of holy wrath
Missiles
 l - 13 poisoned darts
Armour
 a - a +0 robe (worn)
 s - a scarf of invisibility
Jewellery
 i - a ring of willpower (left hand)
 j - a ring of willpower (right hand)
 q - an amulet of magic regeneration (around neck)
Wands
 o - a wand of paralysis (7)
 v - a wand of quicksilver (7)
Scrolls
 d - 2 scrolls of fear {unknown}
 f - 8 scrolls of identify {unknown}
 h - 2 scrolls of enchant armour {unknown}
 m - 2 scrolls of noise {unknown}
 n - 2 scrolls of teleportation {unknown}
 r - a scroll of fog {unknown}
Potions
 b - 3 potions of magic
 c - 3 potions of curing {unknown}
 e - 2 potions of might {unknown}
 k - a potion of berserk rage {unknown}
 t - a potion of lignification {unknown}
 u - a potion of mutation {unknown}


   Skills:
 + Level 1.3 Fighting
 + Level 0.8 Short Blades
 + Level 3.2 Dodging
 + Level 3.3 Stealth
 + Level 0.6 Unarmed Combat
 * Level 6.3 Spellcasting
 * Level 10.5 Conjurations


You had 13 spell levels left.
You knew the following spells:

 Your Spells              Type           Power      Damage    Failure   Level
a - Magic Dart            Conj           100%       1d8       1%          1
b - Searing Ray           Conj           100%       2d8       1%          2
c - Dazzling Flash        Conj/Hex       62%        N/A       2%          3

Your spell library contained the following spells:

 Spells                   Type           Power      Damage    Failure   Level
 Kiss of Death            Conj/Necr      100%       2d13      1%          1
 Hailstorm                Conj/Ice       31%        3d8       2%          3
 Fulminant Prism          Conj/Hex       15%        3d10      10%         4
 Iskenderun's Mystic Bla  Conj/Tloc      31%        2d8       10%         4
 Ice Form                 Ice/Tmut       7%         N/A       63%         4
 Simulacrum               Ice/Necr       3%         N/A       100%        6


Dungeon Overview and Level Annotations

Branches:
Dungeon (6/15)             Temple (1/1) D:6

Altars:
Ashenzari
Cheibriados
Dithmenos
Elyvilon
Fedhas
Kikubaaqudgha
Nemelex Xobeh
Qazlal
Ru
Trog
Uskayaw
Vehumet
Xom
Yredelemnul
Zin


Innate Abilities, Weirdness & Mutations

You have a beak for a mouth.
You have claws for feet.
Your magical nature lets you fly swiftly and evasively.


Message History

The orc is moderately wounded.
The orc shouts!
A hornet comes into view.
The magic dart hits the orc.
You kill the orc!
Vehumet accepts your kill.
The hornet buzzes angrily.
The magic dart hits the hornet.
The hornet is lightly wounded.
The magic dart hits the hornet.
The hornet is lightly wounded.
The magic dart hits the hornet.
The hornet is lightly wounded.
The magic dart hits the hornet.
The hornet is moderately wounded.
The hornet closely misses you. x2
The magic dart hits the hornet!
The hornet is moderately wounded.
The hornet stings you.
You are poisoned.
You feel yourself slow down.
The magic dart hits the hornet.
The hornet is heavily wounded.
You feel very sick. The hornet stings you!
You feel as though you will be slow longer.
The hornet stings you!
* * * LOW HITPOINT WARNING * * *
You suddenly lose the ability to move!
You can move again.
Casting: Magic Dart (safe; 1% risk of failure)
Confirm with . or Enter, or press ? or * to list all spells.
Casting: Dazzling Flash (dangerous; 2% risk of failure)
Press: ? - help, Dir - look around, f - activate Look: a hornet (heavily wounded, chance to dazzle: 59%)
The hornet is dazzled.
You feel yourself speed up.
You feel very sick. The hornet misses you. The hornet stings you!
You die...

#......)......#
#..
######........#
.... #........#
#...#
#........#
.....####
##.#######
......#.#####.#
.).......#.##.#
......y.......#
.......@.#.####
......#.####
..... ### #...
... #. #


You could see a hornet (blind).

Vanquished Creatures
  A black bear (D:3)
  An ice beast (Temple)
  An ogre (D:6)
  A kobold brigand (D:6)
  Blork the orc (D:5)
  3 bullfrogs (D:6)
  3 necrophages
  2 scorpions
  5 wights
  A howler monkey (D:6)
  2 jellies
  2 iguanas
  4 adders
  2 white imps (D:6)
  3 ufetubi
  A worm (D:3)
  7 orcs (D:5)
  4 ball pythons
  6 bats
  6 endoplasms
  6 goblins
  2 hobgoblins
  8 kobolds
  2 quokkas
  A frilled lizard (D:3)
  A rat (D:3)
76 creatures vanquished.

Notes
Turn   | Place    | Note
-------+----------+-------------------------------------------
     0 | D:1      | greenreed the Tengu Conjurer began the quest for the Orb.
     0 | D:1      | Reached XP level 1. HP: 10/10 MP: 4/4
   190 | D:1      | Reached XP level 2. HP: 15/15 MP: 1/6
   519 | D:1      | Reached skill level 6 in Conjurations
   759 | D:2      | Found a shadowy altar of Dithmenos.
   836 | D:2      | Reached XP level 3. HP: 19/19 MP: 5/7
   908 | D:2      | Identified the +8 dagger of the Hairy God {vamp, rN+ Int+3
                  | Dex+4}
  1435 | D:3      | Found a faded altar of an unknown god.
  1521 | D:3      | Found a bloodstained altar of Trog.
  1672 | D:3      | Noticed a black bear
  1681 | D:3      | Killed a black bear
  1682 | D:3      | Reached skill level 7 in Conjurations
  1682 | D:3      | Reached XP level 4. HP: 9/24 MP: 3/9
  1682 | D:3      | Gained mutation: Your magical nature lets you fly swiftly
                  | and evasively. [Tengu growth]
  1682 | D:3      | Reached XP level 5. HP: 11/28 MP: 3/10
  1686 | D:3      | Learned a level 2 spell: Searing Ray
  1832 | D:3      | You are sucked into a shaft and drop 3 floors!
  1832 | D:6      | Found a staircase to the Ecumenical Temple.
  1842 | Temple   | Entered the Ecumenical Temple
  2041 | Temple   | Became a worshipper of Vehumet
  2063 | D:6      | Noticed an ice beast
  2106 | Temple   | Killed an ice beast
  2107 | Temple   | Reached XP level 6. HP: 29/33 MP: 0/11
  2225 | D:6      | Reached skill level 1 in Fighting
  2366 | Temple   | Reached skill level 8 in Conjurations
  2462 | D:6      | Reached XP level 7. HP: 38/38 MP: 8/13
  2773 | Temple   | Reached skill level 5 in Spellcasting
  2798 | D:6      | Reached skill level 9 in Conjurations
  3039 | D:6      | Reached * piety under Vehumet
  3039 | D:6      | Offered knowledge of Kiss of Death by Vehumet.
  3040 | D:6      | Reached XP level 8. HP: 26/43 MP: 9/16
  3335 | D:6      | Learned a level 3 spell: Dazzling Flash
  3563 | D:6      | Reached skill level 10 in Conjurations
  3705 | D:5      | Entered Level 5 of the Dungeon
  4058 | D:5      | Noticed Blork the orc
  4071 | D:5      | Killed Blork the orc
  4139 | D:5      | Noticed a hornet
  4146 | D:5      | Paralysed by a hornet for 1 turns
  4147 | D:5      | Mangled by a hornet

Illustrated notes

Levels and vault maps discovered:
D:1:      mushboom_english_gardens, layout_basic, minmay_split_cup_small
D:2:      layout_basic, basic_altar
D:3:      layout_loops_ring, overflow_temple_1_default, basic_ecumenical_altar,
          amcnicky_mini_rare_corridor_liquid, minivault_26,
          grunt_decor_mini_mirrors, minmay_misc_feat_four_crosses
D:5:      layout_basic, nicolae_figureground_sparkle, uniq_blork_the_orc,
          uniq_ijyb
D:6:      layout_rooms, temple_fountains
Temple:   compressed_dpeg_triangle_lava_temple

Skill      XL: |  1  2  3  4  5  6  7  8 |
---------------+-------------------------+-----
Conjurations   | 6 7 8 9 10 | 10.5
Spellcasting   | 3 5 6 |  6.3
Fighting       | 1 |  1.3
Dodging        | 3 |  3.2
Stealth        | 3 |  3.3
Short Blades   | |  0.8
Unarmed Combat | |  0.6

Action                   |  1- 3 |  4- 6 |  7- 9 || total
-------------------------+-------+-------+-------++-------
Melee: Unarmed           |     3 |       |       ||     3
       Dagger            |     6 |     1 |     5 ||    12
       Kick              |     2 |       |     2 ||     4
       Peck              |     1 |       |     1 ||     2
 Cast: Magic Dart        |    65 |    29 |   102 ||   196
       Searing Ray       |       |     4 |    17 ||    21
       Dazzling Flash    |       |       |     3 ||     3
Armor: Robe              |       |       |     1 ||     1
Dodge: Dodged            |     6 |     3 |    42 ||    51

Table legend: (Time is in decaauts)
 A = Elapsed time spent in this place.
 B = Non-inter-level travel time spent in this place.
 C = Inter-level travel time spent in this place.
 D = Time resting spent in this place.
 E = Time spent auto-exploring this place.
 F = Levels seen in this place.
 G = Mean time per level.
                   A        B        C        D        E       F      G
               +--------+--------+--------+--------+--------+-----+--------+
         Total |   4051 |   3913 |    138 |    460 |   2851 |   6 |  675.2 |
       Dungeon |   3302 |   3208 |     94 |      0 |   2729 |   5 |  660.4 |
        Temple |    749 |    705 |     44 |    460 |    122 |   1 |  749.0 |
               +--------+--------+--------+--------+--------+-----+--------+

Top non-repeatable levels by time:
     D:6: 1059 daAuts
  Temple: 749 daAuts
     D:1: 724 daAuts
     D:2: 681 daAuts
     D:5: 418 daAuts
     D:3: 417 daAuts
